 Dungeon Crawl Stone Soup version 0.31.0-32-g396128a36d (webtiles) character file.

Game seed: 12700349473698985448

31 AdnanSaban the Covered (level 3, -2/23 HPs)
             Began as a Gargoyle Fighter on Apr 11, 2024.
             Slain by Terence
             ... wielding a +0 morningstar
              (4 damage)
             ... on level 2 of the Dungeon.
             The game lasted 00:01:27 (1152 turns).

AdnanSaban the Covered (Gargoyle Fighter)           Turns: 1152, Time: 00:01:28

Health: -2/23      AC: 14    Str: 21    XL:     3   Next: 22%
Magic:  3/3        EV:  6    Int:  8    God:
Gold:   87         SH:  4    Dex:  9    Spells: 2/2 levels left

rFire   . . .        a - +0 flail
rCold   . . .        c - +0 buckler
rNeg    + . .        i - +0 plate armour
rPois   ∞            (no helmet)
rElec   +            (no cloak)
rCorr   +            (no gloves)
SInv    .            (no boots)
Will    .....        (no amulet) Stlth
                     g - ring of resist corrosion
HPRegen 0.23/turn    (no ring)
MPRegen 0.08/turn

%: no passive effects
@: no status effects
A: sickness immunity, AC +3, negative energy resistance 1, electricity
resistance, torment resistance 1, petrification resistance
a: no special abilities


You were on level 2 of the Dungeon.
You visited 1 branch of the dungeon, and saw 2 of its levels.

You collected 87 gold pieces.

Inventory:

Hand Weapons
 a - a +0 flail (weapon)
Armour
 c - a +0 buckler (worn)
 i - a +0 plate armour (worn)
Jewellery
 g - a ring of resist corrosion (left hand)
Scrolls
 b - a scroll of amnesia {unknown}
 h - a scroll of enchant armour {unknown}
 k - 3 scrolls of noise {unknown}
Potions
 d - a potion of might
 e - a potion of heal wounds {unknown}
 f - 2 potions of haste {unknown}
 j - 2 potions of degeneration {unknown}


   Skills:
 + Level 3.5 Fighting
 + Level 2.5 Maces & Flails
 + Level 3.7 Armour
 + Level 0.3 Dodging
 + Level 3.5 Shields


You had 2 spell levels left.
You didn't know any spells.
Your spell library was empty.

Dungeon Overview and Level Annotations

Branches:
Dungeon (2/15)

Altars:

Annotations:
D:2 Terence


Innate Abilities, Weirdness & Mutations

You are immune to sickness and miasma.
Your stone body is resilient. (AC +3)
You are immune to poison.
You resist negative energy. (rN+)
You are resistant to electric shocks. (rElec)
You are resistant to unholy torment.
You are immune to petrification.


Message History

You sock Terence!
Terence is heavily wounded.
Terence hits you with a +0 morningstar.
You barely miss Terence.
Terence is heavily wounded.
Terence asks, "Do you want it fast or slow?"
Terence hits you with a +0 morningstar. Terence hits you but does no damage.
You hit Terence but do no damage.
Terence is heavily wounded.
Terence hits you with a +0 morningstar.
You barely miss Terence.
Terence is heavily wounded.
Terence hits you with a +0 morningstar!
* * * LOW HITPOINT WARNING * * *
You are too injured to fight recklessly!
You are too injured to fight recklessly!
You are too injured to fight recklessly!
You are too injured to fight recklessly!
You are too injured to fight recklessly!
You are too injured to fight recklessly!
You are too injured to fight recklessly!
You are too injured to fight recklessly!
You are too injured to fight recklessly!
You are too injured to fight recklessly!
You are too injured to fight recklessly!
You are too injured to fight recklessly!
You are too injured to fight recklessly!
You are too injured to fight recklessly!
You hit Terence.
Terence is heavily wounded.
Terence hits you with a +0 morningstar.
* * * LOW HITPOINT WARNING * * *
You hit Terence.
Terence is severely wounded.
Terence hits you but does no damage. x2
You hit Terence.
Terence is almost dead.
Terence hits you with a +0 morningstar.
You die...
Terence says, "Rest in peace."

..# #.# #.# # #.
#.##.###.###.#
.##.##.........#
..#.######.##### # #.#.#
#......# #. #.#.#
#.###..# #..##.#.# #.#
#..# #
###.......####.###..####
......@@........)......'
###...#.#########...####
##. #.# #..## # # #.#
#####.##### #.#
#.........# #.#
#.###.###.# #.# #.#...#
#.# #.# #.#.#####.#
#.........#


You could see Terence.

Vanquished Creatures
  An adder (D:2)
  4 bats (D:1)
  An endoplasm (D:1)
  A giant cockroach (D:1)
  A goblin (D:2)
  A hobgoblin (D:1)
  4 kobolds
  4 ball pythons
  4 frilled lizards
  2 rats (D:1)
23 creatures vanquished.

Notes
Turn   | Place    | Note
-------+----------+-------------------------------------------
     0 | D:1      | AdnanSaban the Gargoyle Fighter began the quest for the
                  | Orb.
     0 | D:1      | Reached XP level 1. HP: 14/14 MP: 1/1
    17 | D:1      | You fall into a shaft and drop 1 floor!
    48 | D:1      | Reached XP level 2. HP: 16/19 MP: 2/2
   813 | D:2      | Reached XP level 3. HP: 23/23 MP: 3/3
  1140 | D:2      | Noticed Terence
  1150 | D:2      | HP: 1/23 [Terence/+0 morningstar (3)]
  1152 | D:2      | Slain by Terence

Illustrated notes

Levels and vault maps discovered:
D:1:      amcnicky_arrival_single_pillar, layout_basic, minmay_pentomino_v4
D:2:      layout_loops_corners, uniq_terence

Action                     || total
---------------------------++-------
  Melee: Flail             ||   104
 Armour: Scale mail        ||    73
         Plate armour      ||    15
  Dodge: Dodged            ||    60
  Block: Buckler           ||    24
